 Dungeon Crawl Stone Soup version 0.20.1-1-g8b1a95d (webtiles) character file.

7167 Gargoyl the Cleaver (level 10, -6/88 HPs)
             Began as a Minotaur Abyssal Knight on Sept 21, 2017.
             Was an Elder of Lugonu.
             Hit by a large rock thrown by a cyclops (34 damage)
             ... on level 9 of the Dungeon.
             The game lasted 00:13:45 (6426 turns).

Gargoyl the Cleaver (Minotaur Abyssal Knight)       Turns: 6426, Time: 00:13:46

Health: -6/88      AC: 14    Str: 27    XL:     10   Next: 86%
Magic:  7/12       EV: 10    Int:  8    God:    Lugonu [****..]
Gold:   215        SH: 18    Dex: 12    Spells: 9/9 levels left

rFire    . . .     SeeInvis +   w - +3 war axe
rCold    . . .     Gourm    .   n - +0 large shield
rNeg     + + .     Faith    .   e - +4 ring mail "Wolie" {rPois Regen+ Str+9 Int-4}
rPois    +         Spirit   .   (helmet restricted)
rElec    .         Reflect  .   (no cloak)
rCorr    .         Harm     .   o - +1 pair of gloves
MR       .....                  (no boots)
Stlth    +.........             (no amulet)
Regen    0.7/turn               d - ring of see invisible
MPRegen  0.2/turn               I - ring "Kipyziegh" {+Fly rN++ Int+3}

@: no status effects
A: retaliatory headbutt, horns 2, rugged brown scales 1, low mp 1, poison
resistance, screaming 1
a: Depart the Abyss, Bend Space, Banish, Corrupt, Renounce Religion, Evoke
Flight


You were on level 9 of the Dungeon.
You worshipped Lugonu.
Lugonu was greatly pleased with you.
You were not hungry.

You visited 1 branch of the dungeon, and saw 9 of its levels.
You visited the Abyss 1 time.

You collected 431 gold pieces.
You spent 216 gold pieces at shops.

Inventory:

Hand Weapons
 a - a +2 hand axe
 w - a +3 war axe (weapon)
 z - a +0 falchion of holy wrath
 E - a +0 falchion of flaming
Missiles
 x - 6 tomahawks (quivered)
Armour
 e - the +4 ring mail "Wolie" (worn) {rPois Regen+ Str+9 Int-4}
   (You found it on level 2 of the Abyss)

   It affects your strength (+9).
   It affects your intelligence (-4).
   It protects you from poison.
   It increases your rate of regeneration.
 f - a +1 plate armour
 n - a +0 large shield (worn)
 o - a +1 pair of gloves (worn)
Jewellery
 d - a ring of see invisible (left hand)
 s - an uncursed ring of protection from cold
 I - the ring "Kipyziegh" (right hand) {+Fly rN++ Int+3}
   (You found it on level 9 of the Dungeon)

   [ring of flight]

   It affects your intelligence (+3).
   It greatly protects you from negative energy.
   It lets you fly.
Wands
 A - a wand of polymorph (14/24)
Scrolls
 b - 3 scrolls of recharging
 h - a scroll of teleportation
 l - a scroll of identify
 p - 2 scrolls of magic mapping
 r - 4 scrolls of blinking
 y - a scroll of amnesia
 C - a scroll of enchant armour
Potions
 i - 4 potions of curing
 k - a potion of flight
 m - a potion of heal wounds
 q - a potion of berserk rage
 t - a potion of agility
 B - 2 potions of mutation
 G - a potion of haste
Books
 v - a book of Air

   Spells                             Type                      Level
   a - Shock                          Conjuration/Air              1
   b - Swiftness                      Charms/Air                   2
   c - Static Discharge               Conjuration/Air              3
   d - Airstrike                      Air                          4
   e - Lightning Bolt                 Conjuration/Air              5
 D - a book of Debilitation

   Spells                             Type                      Level
   a - Corona                         Hexes                        1
   b - Slow                           Hexes                        2
   c - Inner Flame                    Hexes/Fire                   3
   d - Portal Projectile              Hexes/Translocation          3
   e - Cause Fear                     Hexes                        4
   f - Leda's Liquefaction            Hexes/Earth                  4
Comestibles
 c - 3 bread rations
 g - 5 royal jellies
 j - 6 meat rations
 u - 19 fruits


   Skills:
 + Level 7.1 Fighting
 + Level 0.8 Long Blades
 + Level 9.8 Axes
 * Level 9.4 Armour
 + Level 5.3 Dodging
 + Level 9.4 Shields
 * Level 7.1 Invocations


You had 9 spell levels left.
You didn't know any spells.

Dungeon Overview and Level Annotations

Branches:
Dungeon (9/15)             Temple (0/1) D:6
   Lair: D:8-11         Orc: D:9-12

Altars:
Dithmenos
Elyvilon
Gozag
Kikubaaqudgha
Makhleb
Zin
The Shining One

Shops:
D:5 *   D:6 [*?


Innate Abilities, Weirdness & Mutations

You reflexively headbutt those who attack you in melee.
You have a pair of horns on your head.
You are partially covered in rugged brown scales. (AC +1, +3% HP)
Your magical capacity is low. (-10% MP)
Your system is resistant to poisons. (rPois)
You occasionally shout uncontrollably at your foes.


Message History

The eye of draining gazes at you.
You feel your power leaking away.
The orc priest calls down the wrath of Beogh upon you.
Beogh smites you!
You slash the troll!
The troll is almost dead.
Your ring mail "Wolie" prevents you from hitting the orc priest.
You block the troll's attack. x2; The troll claws you but does no damage.
The orc priest hits you but does no damage.
Unknown command.
You slash the troll!
You kill the troll!
Lugonu accepts your kill.
You closely miss the orc priest.
The cyclops throws a large rock.
The large rock hits you! You block the orc priest's attack.
Unknown command.
You closely miss the orc priest.
The orc priest is lightly wounded.
The cyclops throws a large rock.
The large rock hits you!!
You die...

#.. #.# #.# #.#
#.##############
#...............
#........o......
#.%.[...@†CG....
#.##############
#.# #.#
#.########
#.........
#.........
#.######## #.#


You could see a cyclops, an eye of draining and an orc priest.

Vanquished Creatures
  A hydra (D:8)
  A centaur warrior (D:9)
  A tengu warrior (D:9)
  Pikel (D:9)
  The ghost of supermoro the Skirmisher, a novice HOFi of Beogh (D:4)
  A troll (D:9)
  A hippogriff (D:8)
  2 dream sheep (D:8)
  A wraith (D:9)
  2 yaks (D:8)
  Grum (D:8)
  Edmund (D:6)
  A black bear (D:6)
  Duvessa (D:6)
  3 ice beasts
  An orc warrior (D:9)
  3 slaves (D:9)
  2 sky beasts
  4 centaurs
  3 wolves (D:8)
  4 bullfrogs
  3 big kobolds (D:8)
  Dowan (D:6)
  A scorpion (D:6)
  5 crimson imps
  A quasit (D:9)
  2 centaur skeletons
  3 hounds
  An orc priest (D:5)
  2 bullfrog skeletons
  An iguana (D:8)
  9 orc wizards
  2 worker ants
  3 hound zombies
  8 adders
  A shadow imp (D:5)
  An ooze (D:1)
  3 adder zombies
  An adder skeleton (D:5)
  A worm (D:2)
  2 dart slugs
  8 leopard geckos
  22 orcs
  A giant cockroach (D:1)
  9 goblins
  8 hobgoblins
  7 jackals
  A quokka (D:2)
  A ball python (D:1)
  9 bats
  5 frilled lizards
  A jackal skeleton (D:4)
  8 kobolds
  2 quokka zombies
  2 rats
171 creatures vanquished.

Vanquished Creatures (others)
  A slave (D:9)
1 creature vanquished.

Grand Total: 172 creatures vanquished

Notes
Turn   | Place    | Note
-------+----------+-------------------------------------------
     0 | Abyss:1  | Gargoyl the Minotaur Abyssal Knight began the quest for the Orb.
     0 | Abyss:1  | Reached XP level 1. HP: 19/19 MP: 1/1
    30 | Abyss:1  | Noticed a guardian serpent
    30 | Abyss:1  | Noticed a naga
    43 | Abyss:2  | Got a heavily runed ring mail
    56 | Abyss:2  | Noticed a large abomination
    60 | Abyss:2  | Identified the +4 ring mail "Wolie" {rPois Regen+ Str+9 Int-4} (You found it on level 2 of the Abyss)
    62 | Abyss:2  | Found a corrupted altar of Lugonu.
    66 | Abyss:3  | Found a deep blue altar of Sif Muna.
    91 | Abyss:3  | Noticed a demonic crawler
   123 | Abyss:3  | Noticed a raiju
   126 | D:1      | Escaped the Abyss
   155 | D:1      | Reached * piety under Lugonu
   243 | D:1      | Reached XP level 2. HP: 27/27 MP: 2/2
   651 | D:1      | Reached XP level 3. HP: 33/33 MP: 3/3
  1031 | D:2      | Reached ** piety under Lugonu
  1599 | D:3      | Reached XP level 4. HP: 41/41 MP: 4/4
  1606 | D:3      | Gained mutation: You are partially covered in rugged brown scales. (AC +1, +3% HP) [potion of mutation]
  1606 | D:3      | Gained mutation: Your magical capacity is low. (-10% MP) [potion of mutation]
  1606 | D:3      | Gained mutation: You are resistant to hostile enchantments. (MR+) [potion of mutation]
  1845 | D:3      | Found a burning altar of Makhleb.
  1845 | D:3      | Found a glowing golden altar of the Shining One.
  2050 | D:4      | Noticed supermoro's ghost (novice HOFi)
  2071 | D:4      | Killed supermoro's ghost
  2071 | D:4      | Reached skill level 5 in Armour
  2071 | D:4      | Reached XP level 5. HP: 42/48 MP: 5/5
  2071 | D:4      | Reached XP level 6. HP: 49/56 MP: 6/6
  2071 | D:4      | Reached XP level 7. HP: 54/61 MP: 7/7
  2248 | D:4      | Reached skill level 5 in Axes
  2549 | D:5      | Entered Level 5 of the Dungeon
  2667 | D:5      | Reached skill level 5 in Fighting
  2793 | D:5      | Found Zin's Purification Station.
  2793 | D:5      | Found a glowing silver altar of Zin.
  2856 | D:5      | Reached *** piety under Lugonu
  2972 | D:5      | Found a shadowy altar of Dithmenos.
  3058 | D:5      | Found an opulent altar of Gozag.
  3346 | D:5      | Reached XP level 8. HP: 70/70 MP: 9/9
  3597 | D:6      | Noticed Dowan
  3599 | D:6      | Noticed Duvessa
  3607 | D:6      | Killed Duvessa
  3621 | D:6      | Killed Dowan
  3718 | D:6      | Found Lezyximm's General Store.
  3732 | D:6      | Reached skill level 5 in Shields
  3739 | D:6      | Bought 2 scrolls of blinking for 180 gold pieces
  3739 | D:6      | Bought a scroll of teleportation for 36 gold pieces
  3768 | D:6      | Found a staircase to the Ecumenical Temple.
  3768 | D:6      | Noticed Edmund
  3783 | D:6      | Killed Edmund
  3783 | D:6      | Reached skill level 5 in Invocations
  3829 | D:6      | Found Vitatol's Magic Scroll Shoppe.
  4007 | D:6      | Found Pahuixa's Armour Boutique.
  4103 | D:6      | Found an ancient bone altar of Kikubaaqudgha.
  4354 | D:7      | Found a white marble altar of Elyvilon.
  4531 | D:7      | Reached XP level 9. HP: 76/76 MP: 10/10
  4648 | D:7      | Got an iridescent falchion
  4650 | D:7      | Identified the +3 falchion of Udoulocs {speed, +Rage Str+4} (You found it on level 7 of the Dungeon)
  5104 | D:8      | Gained mutation: Your system is resistant to poisons. (rPois) [mutagenic meat]
  5105 | D:8      | Gained mutation: You occasionally shout uncontrollably at your foes. [mutagenic meat]
  5106 | D:8      | Lost mutation: You are resistant to hostile enchantments. (MR+) [mutagenic meat]
  5141 | D:8      | Noticed Grum
  5168 | D:8      | Killed Grum
  5542 | D:8      | Reached **** piety under Lugonu
  5593 | D:8      | Noticed a three-headed hydra
  5599 | D:8      | Killed a one-headed hydra
  5599 | D:8      | Reached XP level 10. HP: 60/86 MP: 12/12
  5966 | D:9      | Noticed Pikel
  6002 | D:9      | Killed Pikel
  6088 | D:9      | Found a runed door.
  6088 | D:9      | Noticed a centaur warrior
  6116 | D:9      | Reached skill level 5 in Dodging
  6117 | D:9      | Noticed a two-headed ogre
  6120 | D:9      | Noticed a tengu warrior
  6121 | D:9      | Killed a centaur warrior
  6125 | D:9      | Noticed a two-headed ogre
  6132 | D:9      | Noticed a tengu warrior
  6136 | D:9      | Got a smoking amber ring
  6138 | D:9      | Noticed a cyclops
  6253 | D:9      | Identified the ring "Kipyziegh" {+Fly rN++ Int+3} (You found it on level 9 of the Dungeon)
  6341 | D:9      | Killed a tengu warrior
  6426 | D:9      | Hit by a large rock thrown by a cyclops

Skill      XL: |  1  2  3  4  5  6  7  8  9 10 |
---------------+-------------------------------+-----
Fighting       | 4 5 6 7 |  7.1
Armour         | 3 5 6 7 8 9 |  9.4
Invocations    | 2 3 4 5 6 7 |  7.1
Axes           | 4 5 7 8 9 |  9.8
Dodging        | 2 3 4 5 |  5.3
Shields        | 2 3 5 7 9 |  9.4
Long Blades    | |  0.8

Action                   |  1- 3 |  4- 6 |  7- 9 | 10-12 || total
-------------------------+-------+-------+-------+-------++-------
Melee: Hand axe          |    68 |    59 |   301 |   163 ||   591
       Headbutt          |     9 |    16 |    78 |    40 ||   143
       Falchion          |       |       |    22 |     3 ||    25
       War axe           |       |       |       |    12 ||    12
Throw: Tomahawk          |       |       |       |     1 ||     1
Invok: Depart the Abyss  |     1 |       |       |       ||     1
  Use: Scroll            |     8 |     1 |     8 |     3 ||    20
       Potion            |       |     9 |     2 |     3 ||    14
  Eat: Chunk             |     2 |     1 |    16 |     3 ||    22
Armor: Ring mail         |    42 |    25 |   122 |    57 ||   246
Dodge: Dodged            |    56 |    24 |    90 |    50 ||   220
Block: Large shield      |    13 |    54 |   280 |   184 ||   531
       Rpst.: Falchion   |       |       |     1 |     1 ||     2
